[Event "Live Chess"]
[Site "Chess.com"]
[Date "2023.05.21"]
[Round "-"]
[White "Hacker_2009"]
[Black "LutherSullivan"]
[Result "1-0"]
[WhiteElo "1952"]
[BlackElo "2151"]
[TimeControl "300"]
[EndTime "23:56:40 PDT"]
[Termination "Hacker_2009 won by resignation"]

1. d4 Nf6 2. Nf3 g6 3. c4 Bg7 4. Nc3 d5 5. e3 O-O 6. Qb3 c6 7. Be2 a5 8. O-O Na6 9. a3 Be6 10. Qxb7 dxc4 11. Ne5 Qc8 12. Qxc6 Rb8 13. d5 Nxd5 14.
Nxd5 Bxd5 15. Qxd5 Nc7 16. Qe4 Qe6 17. f4 f6 18. Bxc4 1-0

[Event "Live Chess"]
[Site "Chess.com"]
[Date "2023.05.21"]
[Round "-"]
[White "pseudocyst"]
[Black "WelshTiger"]
[Result "0-1"]
[WhiteElo "1930"]
[BlackElo "2358"]
[TimeControl "300"]
[EndTime "23:56:41 PDT"]
[Termination "WelshTiger won on time"]

1. d4 d5 2. c4 e6 3. Nc3 c5 4. e3 Nf6 5. Nf3 Nc6 6. a3 a6 7. dxc5 Bxc5 8. b4 Ba7 9. cxd5 exd5 10. h3 O-O 11. Bd3 d4 12. exd4 Nxd4 13. O-O Be6 14. Bb2 Nxf3+ 15. Qxf3 Bd4 16. Rfd1 Rc8 17. Rac1 Qe7 18. Bb1 Rfd8 19. Re1 Qf8 20. Qe2 Bc4 21. Qf3 b5 22. Nd1 Bxb2 23. Nxb2 Be6 24. Nd3 a5 25. Nc5 Bd5 26. Qf5 axb4 27. axb4 Bc4 28. Rcd1 Rxd1 29. Rxd1 Rd8 30. Nd7 Rxd7 31. Rxd7 Qe8 32. Rc7 Be6 33. Qc5 g6 34. Qe7 Qxe7 35. Rxe7 Kg7 36. Bd3 Nd5 37. Rb7 Nxb4 38. Bxb5 Nc2 39. Bd7 Bd5 40. Rb2 Na3 41.
Ba4 Nc4 42. Rb4 Be6 43. Bb3 Ne5 44. Bxe6 fxe6 45. f4 Nf7 46. g4 Kf6 47. Kf2 h6 48. Kf3 g5 49. Rb6 gxf4 50. Kxf4 Ne5 51. Rb5 Ng6+ 52. Kg3 Ne5 53. h4 Ng6 54. Rb6 Ne5 55. h5 Nf7 56. Kf4 Ng5 57. Rb5 Nf7 58. g5+ Nxg5 59.
Kg4 Nf7 60. Rb7 Ng5 61. Rb8 Nf7 62. Rg8 Ng5 63. Rg6+ Kf7 64. Rxh6 Ne4 65. Rf6+ Nxf6+ 66. Kg5 Ne4+ 67. Kh6 Nf6 0-1

[Event "Live Chess"]
[Site "Chess.com"]
[Date "2023.05.21"]
[Round "-"]
[White "MaximKris"]
[Black "Pandreq"]
[Result "1-0"]
[WhiteElo "1827"]
[BlackElo "1251"]
[TimeControl "300"]
[EndTime "23:56:44 PDT"]
[Termination "MaximKris won by resignation"]

1. e4 e5 2. Nf3 Nc6 3. Bb5 a6 4. Bxc6 bxc6 5. O-O Qf6 6. d3 d5 7. Bg5 Qd6 8. Nc3 Be7 9. Bxe7 Nxe7 10. exd5 cxd5 11.
Re1 Ng6 12. d4 e4 13. Nd2 Bf5 14. f3 O-O 15. fxe4 dxe4 16. Ndxe4 Bxe4 17. Nxe4 Qb6 18. b3 Rad8 19. c3 c5 20. h3 cxd4 21. cxd4 Rxd4 22.
Qf3 Rxe4+ 23. Kh1 Rxe1+ 24. Rxe1 Rd8 25. Qc3 Nf4 26. Qe5 Qd6 27. Qxd6 1-0

[Event "Live Chess"]
[Site "Chess.com"]
[Date "2023.05.21"]
[Round "-"]
[White "YrrriKharkiv"]
[Black "raminguy"]
[Result "1-0"]
[WhiteElo "2053"]
[BlackElo "1928"]
[TimeControl "300"]
[EndTime "23:56:57 PDT"]
[Termination "YrrriKharkiv won by resignation"]

1. d4 d6 2. Nf3 Nf6 3. Nc3 g6 4. h3 Bg7 5. e4 O-O 6. Be2 Re8 7. Bg5 h6 8. Be3 Nc6 9. Qd2 Kh7 10. g4 Nd7 11. h4 Nb6 12. h5 g5 13. O-O-O e5 14.
d5 Nb8 15. Nxg5+ hxg5 16. Bxg5 f6 17. Be3 Rh8 18. h6 Bf8 19. g5 fxg5 20. Bxg5 Be7 21. Rdg1 Rg8 22. f4 Bxg5 23. fxg5 Rg6 24. Bh5 Qg8 25. Rh2 Na6 26. Rf2 Bd7 27. Bxg6+ Qxg6 28. Rf6 Qh5 29. g6+ Kh8 30. g7+ Kh7 31. Rf8 1-0

[Event "Live Chess"]
[Site "Chess.com"]
[Date "2023.05.21"]
[Round "-"]
[White "chessfiction"]
[Black "Davidagye"]
[Result "1-0"]
[WhiteElo "2347"]
[BlackElo "1671"]
[TimeControl "300"]
[EndTime "23:57:04 PDT"]
[Termination "chessfiction won by resignation"]

1. e4 Nf6 2. e5 Nd5 3. Nc3 Nxc3 4.
dxc3 d5 5. exd6 cxd6 6. Bc4 Nc6 7. Nf3 Bg4 8. Bxf7+ Kxf7 9. Ng5+ Kg8 10. Qxg4 Qc8 11. Qc4+ e6 12. Nxe6 Qe8 13. O-O Na5 14. Qd5 Rc8 15.
Ng5+ 1-0

[Event "Live Chess"]
[Site "Chess.com"]
[Date "2023.05.21"]
[Round "-"]
[White "YichenLFC"]
[Black "JohanKjeldahl"]
[Result "0-1"]
[WhiteElo "974"]
[BlackElo "1880"]
[TimeControl "300"]
[EndTime "23:57:16 PDT"]
[Termination "JohanKjeldahl won on time"]

1. e4 c5 2. Nc3 e6 3. Nf3 a6 4. a4 Nc6 5. d4 cxd4 6. Nxd4 Qc7 7. Nf3 Nf6 8. g3 Bb4 9. Bd2 O-O 10. Bg2 b6 11.
O-O Bb7 12. Ne2 Bxd2 13. Qxd2 Nxe4 14. Qe3 d5 15. c4 Nb4 16. cxd5 Bxd5 17. Ned4 Qb7 18.
Qe1 a5 19. Rd1 Rac8 20. Nd2 Nxd2 21. Bxd5 Qxd5 22. Qxd2 Rfd8 23. Nxe6 fxe6 24. Qxd5 Rxd5 25. Rfe1 Rxd1 26. Rxd1 Kf7 27. Rd6 Rc6 28. Rd4 e5 29. Re4 Kf6 30. Kf1 Kf5 31. f3 Rc2 32. Re2 Rxe2 33. Kxe2 e4 34. b3 exf3+ 35. Kxf3 g5 36. h4 gxh4 37. gxh4 h5 38. Kg3 Ke4 39. Kf2 Nc2 40.
Ke2 Nd4+ 41. Kd2 Nxb3+ 0-1

[Event "Live Chess"]
[Site "Chess.com"]
[Date "2023.05.21"]
[Round "-"]
[White "Ian-Morley"]
[Black "Ferrarifan27"]
[Result "0-1"]
[WhiteElo "1028"]
[BlackElo "2057"]
[TimeControl "300"]
[EndTime "23:57:17 PDT"]
[Termination "Ferrarifan27 won by resignation"]

1. d4 Nf6 2. Bf4 c5 3. c3 Qb6 4. Qb3 Qxb3 5. axb3 cxd4 6. cxd4 e6 7. Nf3 d5 8. e3 Bd7 9. Be2 Nc6 10. Nbd2 Bb4 11.
Ne5 Nxe5 12. Bxe5 Ne4 13. Rd1 f6 14. f3 Nxd2 15. Rxd2 fxe5 16. Kd1 Bxd2 17. Kxd2 exd4 18. exd4 Rc8 19. Rc1 Rxc1 20. Kxc1 Ke7 0-1

[Event "Live Chess"]
[Site "Chess.com"]
[Date "2023.05.21"]
[Round "-"]
[White "CeladonFish"]
[Black "mirandaasilva"]
[Result "0-1"]
[WhiteElo "1079"]
[BlackElo "1629"]
[TimeControl "300"]
[EndTime "23:57:27 PDT"]
[Termination "mirandaasilva won by resignation"]

1. d4 g6 2. c4 Bg7 3. Nc3 Nf6 4.
Nf3 O-O 5. Bf4 d6 6. Nb5 Nbd7 7. c5 c6 8. Nc3 dxc5 9. dxc5 Nxc5 10. Qxd8 Rxd8 11. e3 Bf5 12. Be2 Nd3+ 13. Bxd3 Bxd3 14.
Ne5 Nh5 15. Nxd3 Rxd3 16. O-O Nxf4 17. exf4 Rad8 18. Rfe1 e6 19. g3 Rd2 20. Rad1 Bxc3 21.
bxc3 Rxd1 0-1

[Event "Live Chess"]
[Site "Chess.com"]
[Date "2023.05.21"]
[Round "-"]
[White "Crowded_House"]
[Black "Long1968"]
[Result "1-0"]
[WhiteElo "1682"]
[BlackElo "1008"]
[TimeControl "300"]
[EndTime "23:57:44 PDT"]
[Termination "Crowded_House won on time"]

1. d4 e6 2. Nf3 c5 3. Bg5 Be7 4.
Bxe7 Qxe7 5. c3 b6 6. e3 Nc6 7.
Bd3 Bb7 8. Nbd2 e5 9. dxe5 Nxe5 10. Nxe5 Qxe5 11. Nf3 Bxf3 12. Qxf3 Rc8 13. O-O Nf6 14. Rfd1 O-O 15. Ba6 Rce8 16. Bb5 Re7 17. h3 Rd8 18. Rd2 Ne4 19. Rd3 Nd6 20. Ba4 Nc4 21. Rb1 Qe4 22. Qxe4 Rxe4 23. Bb3 Na5 24. Rbd1 Nxb3 25.
axb3 Re7 26. Rd6 Kf8 27. Kf1 Ke8 28. Ke2 1-0

[Event "Live Chess"]
[Site "Chess.com"]
[Date "2023.05.21"]
[Round "-"]
[White "profpirate4"]
[Black "diana21strabt"]
[Result "0-1"]
[WhiteElo "1258"]
[BlackElo "1718"]
[TimeControl "300"]
[EndTime "23:58:33 PDT"]
[Termination "diana21strabt won by checkmate"]

1. d4 Nf6 2. c4 g6 3. Nc3 Bg7 4.
f3 O-O 5. e4 d6 6. Be3 Nbd7 7. Nge2 e5 8. d5 b6 9. Qd2 Nc5 10.
O-O-O a5 11. Ng3 a4 12. h4 a3 13. b3 Bd7 14. h5 Qe8 15. hxg6 fxg6 16. Bh6 Bxh6 17.
Qxh6 Rf7 18. Nb5 Bxb5 19. cxb5 Ra5 20. b4 Rxb5 21. Bxb5 Qxb5 22. bxc5 Qxc5+ 23. Kd2 Qf2+ 24. Kc1 Qb2# 0-1

[Event "Live Chess"]
[Site "Chess.com"]
[Date "2023.05.21"]
[Round "-"]
[White "ProfPoisson"]
[Black "KeithArkell"]
[Result "0-1"]
[WhiteElo "1184"]
[BlackElo "2555"]
[TimeControl "300"]
[EndTime "23:58:50 PDT"]
[Termination "KeithArkell won by checkmate"]

1. e4 c6 2. d4 d5 3. exd5 cxd5 4. c4 Nf6 5. Nc3 g6 6. Qb3 Bg7 7. cxd5 O-O 8. Be3 Qb6 9. Qxb6 axb6 10. g3 Na6 11.
Bg2 Nb4 12. O-O-O Nxa2+ 13. Nxa2 Rxa2 14. Ne2 Bf5 15. d6 Rc8+ 16. Nc3 exd6 17. Bxb7 Rc7 18. Bf3 Ne4 19. Bxe4 Bxe4 20. Rhe1 Bf3 21. Kb1 Bxd1 22.
Kxa2 Bc2 23. Nd5 Ra7# 0-1

[Event "Live Chess"]
[Site "Chess.com"]
[Date "2023.05.21"]
[Round "-"]
[White "trekker123"]
[Black "Jo1ts"]
[Result "1-0"]
[WhiteElo "2083"]
[BlackElo "838"]
[TimeControl "300"]
[EndTime "23:59:06 PDT"]
[Termination "trekker123 won by resignation"]

1. d4 d5 2. Nf3 c5 3. c4 e6 4. Nc3 Nc6 5. cxd5 exd5 6. dxc5 Nf6 7. Bg5 Be6 8. e3 Bxc5 9. Be2 h6 10. Bh4 Bb4 11.
O-O Bxc3 12. bxc3 g5 13. Bg3 Ne4 14. Rc1 Nxg3 15. hxg3 h5 16. Nd4 h4 17. g4 Qd7 18.
Nxc6 bxc6 19. Qd4 f5 20. Qxh8+ 1-0

[Event "Live Chess"]
[Site "Chess.com"]
[Date "2023.05.21"]
[Round "-"]
[White "Supertromp"]
[Black "Singapourfeuj"]
[Result "0-1"]
[WhiteElo "2132"]
[BlackElo "2221"]
[TimeControl "300"]
[EndTime "23:59:07 PDT"]
[Termination "Singapourfeuj won by resignation"]

1. e4 c5 2. Nf3 d6 3. Bb5+ Bd7 4. Bxd7+ Qxd7 5. O-O g6 6. Qe2 Bg7 7. Rd1 Nc6 8. c3 Nf6 9. d4 cxd4 10. cxd4 d5 11. Nc3 dxe4 12. Nxe4 Nxe4 13. Qxe4 O-O 14. d5 Na5 15. Bd2 b6 16. Bc3 Bxc3 17. bxc3 Rac8 18. Qe3 Nc4 19. Qh6 f6 20. Rd3 Nd6 21. Re1 Rc4 22. Nd4 Rf7 23. Re6 Rxd4 24. cxd4 Nf5 25. Qf4 Qxd5 26.
Qe4 Qxa2 27. g4 Nh4 28. h3 Qb1+ 29. Kh2 Qb4 30. Rd1 a5 31. Rc1 Qxd4 32. Rc8+ Kg7 33.
Rxe7 Qd6+ 34. Kg1 Rxe7 35. Qc4 Re1+ 0-1

[Event "Live Chess"]
[Site "Chess.com"]
[Date "2023.05.21"]
[Round "-"]
[White "bedsdrout"]
[Black "Grookey2012"]
[Result "0-1"]
[WhiteElo "339"]
[BlackElo "568"]
[TimeControl "300"]
[EndTime "23:59:22 PDT"]
[Termination "Grookey2012 won by checkmate"]

1. c3 e6 2. Nf3 Bc5 3. d3 Qf6 4. Bg5 Qf5 5. Bf4 Qxf4 6. g3 Qd6 7. Bh3 Qb6 8. Na3 Bxf2+ 9. Kf1 Nc6 10. Nc4 Qb5 11. Ne3 Bxe3 12. d4 e5 13. Qc2 exd4 14.
Qf5 dxc3 15. Qe4+ Kd8 16. Ne5 Nxe5 17. Rd1 cxb2 18. Kg2 Nc6 19. Qf5 Qxe2+ 20. Qf2 Qxf2# 0-1

[Event "Live Chess"]
[Site "Chess.com"]
[Date "2023.05.21"]
[Round "-"]
[White "Denz14"]
[Black "DaveL5678"]
[Result "1-0"]
[WhiteElo "1036"]
[BlackElo "1009"]
[TimeControl "300"]
[EndTime "23:59:26 PDT"]
[Termination "Denz14 won by resignation"]

1. e4 e6 2. d4 d5 3. exd5 exd5 4. Nc3 Nf6 5. Nf3 Qe7+ 6. Qe2 Qxe2+ 7. Bxe2 Be6 8. Bg5 Be7 9. O-O-O O-O 10. Ne5 Nc6 11.
Nxc6 bxc6 12. h4 Rfe8 13. g4 Nxg4 14. Bxe7 Nxf2 15. Bg5 Nxd1 16. Bxd1 Bf5 17. h5 Re6 18. Rf1 Be4 19. Nxe4 Rxe4 20. c3 Rae8 21. Bc2 Rg4 22.
Bd2 Rh4 23. Bd1 Rh2 24. Bf4 h6 25. Bxh2 Re2 26. Bxe2 1-0

[Event "Live Chess"]
[Site "Chess.com"]
[Date "2023.05.21"]
[Round "-"]
[White "Shepherds_Pie"]
[Black "toxic_rabbit"]
[Result "1/2-1/2"]
[WhiteElo "1926"]
[BlackElo "1998"]
[TimeControl "300"]
[EndTime "23:59:40 PDT"]
[Termination "Game drawn by repetition"]

1. c4 Nf6 2. Nc3 g6 3. g3 Bg7 4.
Bg2 c6 5. e4 O-O 6. Nge2 e6 7.
e5 Ne8 8. d4 d5 9. exd6 Nxd6 10. c5 Nf5 11. Be3 Nd7 12. O-O Nf6 13. Qd2 Nd5 14.
Nxd5 exd5 15. Bg5 f6 16. Bf4 Re8 17. Rfe1 g5 18. Be3 Nxe3 19. fxe3 f5 20. Nc3 h6 21. Rf1 Bd7 22. Qd3 Qe7 23. Rae1 Rf8 24. b4 a6 25. a4 Rae8 26. Nxd5 cxd5 27. Bxd5+ Kh8 28. Bxb7 Bxa4 29.
Bxa6 Bc6 30. d5 Rd8 31. Bc4 Ba8 32. Rxf5 Rxf5 33. Qxf5 Rf8 34. Qd3 Qe5 35. b5 Qb2 36. Qe2 Qb4 37. c6 Qc5 38. Rf1 Re8 39. Rf3 g4 40.
Rf4 Rxe3 41. Qf2 Bd4 42. Rxd4 Qxd4 43. Qf8+ Kh7 44. Qf7+ Kh8 45. Qf8+ Kh7 46. Qf7+ Kh8 47. Qf8+ 1/2-1/2

[Event "Live Chess"]
[Site "Chess.com"]
[Date "2023.05.21"]
[Round "-"]
[White "Mugzwang"]
[Black "Nazar_777"]
[Result "0-1"]
[WhiteElo "1501"]
[BlackElo "1609"]
[TimeControl "300"]
[EndTime "23:59:41 PDT"]
[Termination "Nazar_777 won by resignation"]

1. Nf3 e6 2. e4 a6 3. d4 h5 4.
Be3 Nf6 5. Nc3 Be7 6. e5 Ng4 7. Bd2 c5 8. h3 Nh6 9. d5 b6 10. d6 Bf8 11. Qe2 Bb7 12. Ne4 Qc8 13.
Nfg5 Nc6 14. Qf3 Nf5 15. g4 Nxe5 16. Qg2 Nh4 17. Qh2 Bxe4 18. Nxe4 Nef3+ 0-1

[Event "Live Chess"]
[Site "Chess.com"]
[Date "2023.05.21"]
[Round "-"]
[White "seasidecastle27"]
[Black "Nazarenko_vital"]
[Result "1-0"]
[WhiteElo "1794"]
[BlackElo "1631"]
[TimeControl "300"]
[EndTime "0:00:39 PDT"]
[Termination "seasidecastle27 won on time"]

1. d4 Nf6 2. Nf3 b5 3. Bf4 Bb7 4. e3 b4 5. a3 a5 6. axb4 axb4 7.
Rxa8 Bxa8 8. c4 e6 9. Bd3 c5 10. Nbd2 Nc6 11. O-O h6 12. Re1 Be7 13. b3 O-O 14.
Bb1 Nh5 15. Bg3 Nxg3 16. hxg3 f5 17. Ne5 Nxe5 18. dxe5 d6 19. exd6 Qxd6 20. Nf3 Qc6 21. Qe2 Bf6 22. Rd1 Qc7 23. e4 Bxe4 24. Bxe4 fxe4 25. Qxe4 Re8 26. Nh4 Bd4 27. Ng6 Qf7 28. Rd2 Qf5 29. Re2 Qxe4 30. Rxe4 Kf7 31. Ne5+ Kg8 32.
Nc6 e5 33. Nxd4 cxd4 34. f4 d3 35. Kf2 d2 36. Ke2 Rd8 37. Kd1 1-0

[Event "Live Chess"]
[Site "Chess.com"]
[Date "2023.05.21"]
[Round "-"]
[White "BJAW87"]
[Black "trekker123"]
[Result "0-1"]
[WhiteElo "1432"]
[BlackElo "2083"]
[TimeControl "300"]
[EndTime "0:00:42 PDT"]
[Termination "trekker123 won by resignation"]

1. e4 c6 2. d4 d5 3. e5 c5 4. c3 Nc6 5. Nf3 Bg4 6. Be2 e6 7. O-O Qb6 8. b3 Bxf3 9. Bxf3 cxd4 10. cxd4 Qxd4 11. Qxd4 Nxd4 12. Bg4 Nc2 0-1

[Event "Live Chess"]
[Site "Chess.com"]
[Date "2023.05.21"]
[Round "-"]
[White "martynstanley"]
[Black "hturner40"]
[Result "0-1"]
[WhiteElo "988"]
[BlackElo "1787"]
[TimeControl "300"]
[EndTime "0:00:45 PDT"]
[Termination "hturner40 won by checkmate"]

1. d4 Nf6 2. e3 g6 3. Bd3 Bg7 4. f4 O-O 5. Nf3 Nc6 6. O-O d6 7. c3 e5 8. fxe5 dxe5 9. dxe5 Ng4 10. Na3 Ngxe5 11. Nc4 Qxd3 12. Qxd3 Nxd3 13. Bd2 Be6 14. b3 Rad8 15. h4 Nce5 16. Nfxe5 Nxe5 17. Be1 Nxc4 18. bxc4 Bxc4 19. Rf2 Bh6 20. Rd2 Bxe3+ 21. Kh2 Bxd2 22. Bxd2 Rxd2 23. a4 Re8 24. Ra3 Ree2 25. Kh3 Rxg2 26.
h5 Be6+ 27. Kh4 Rg4+ 28. Kh3 gxh5 29. c4 Rdg2 30. c5 R4g3+ 31. Kh4 Rxa3 32. a5 Ra1 33. c6 Rh1# 0-1

[Event "Live Chess"]
[Site "Chess.com"]
[Date "2023.05.21"]
[Round "-"]
[White "amazinggoalkeeper"]
[Black "MaximKris"]
[Result "0-1"]
[WhiteElo "507"]
[BlackElo "1827"]
[TimeControl "300"]
[EndTime "0:01:06 PDT"]
[Termination "MaximKris won by resignation"]

1. e4 e5 2. Nf3 Nc6 3. Bc4 Bc5 4. Bb3 Nf6 5. Nxe5 Nxe5 6. d4 Bd6 7. dxe5 Bxe5 8.
Qe2 O-O 9. O-O d6 10. Nc3 Bg4 11. Qe3 c5 12. Nd5 Nxd5 13. exd5 Qf6 14. Qg5 Qxg5 15.
Bxg5 Bxb2 16. Be7 Bxa1 17. Bxf8 Be5 0-1

[Event "Live Chess"]
[Site "Chess.com"]
[Date "2023.05.21"]
[Round "-"]
[White "HoarseyHorsey"]
[Black "MarkLim1"]
[Result "0-1"]
[WhiteElo "1447"]
[BlackElo "1685"]
[TimeControl "300"]
[EndTime "0:01:12 PDT"]
[Termination "MarkLim1 won by resignation"]

1. d4 Nf6 2. c4 e6 3. Nc3 d5 4.
cxd5 Nxd5 5. e4 Nxc3 6. bxc3 c5 7.
Nf3 cxd4 8. cxd4 Bb4+ 9. Bd2 Bxd2+ 10. Qxd2 O-O 11. Bc4 Nd7 12. O-O b6 13. d5 Nc5 14.
Rad1 Bb7 15. dxe6 Nxe6 16. Bd5 Nc5 17. e5 Bxd5 18. Qxd5 Qxd5 19. Rxd5 Rfd8 20. Rfd1 Rxd5 21. Rxd5 Kf8 22. g3 Ke7 23. Nd4 h6 24. f4 Ne6 25.
Nc6+ Ke8 26. a3 Nd8 27. Nxd8 Rxd8 28. Rxd8+ Kxd8 29. Kf2 Kd7 30. Ke3 g6 31. Kd4 Kc6 32. h4 h5 33. Ke4 b5 34. f5 gxf5+ 35. Kxf5 a5 36. Kf6 b4 37. Kxf7 bxa3 38. e6 a2 39. e7 a1=Q 40. e8=Q+ Kb6 41. Qe6+ Kb5 42. Qd7+ Kc4 43. Qc6+ Kd3 44. Qd5+ Ke2 45. Qxh5+ Kf2 46. Qf5+ Kxg3 47. Qg5+ Kf3 48. Qf5+ Ke3 49. Qh3+ Ke4 50. Qg4+ Kd5 51. Qg5+ Kc6 52. Qf6+ Qxf6+ 53. Kxf6 a4 54. h5 a3 55. h6 a2 56. h7 a1=Q+ 0-1

[Event "Live Chess"]
[Site "Chess.com"]
[Date "2023.05.21"]
[Round "-"]
[White "MJMykh"]
[Black "f4nomore"]
[Result "1-0"]
[WhiteElo "1025"]
[BlackElo "1417"]
[TimeControl "300"]
[EndTime "0:01:21 PDT"]
[Termination "MJMykh won on time"]

1. e4 g6 2. Nf3 Bg7 3. d4 d6 4. Nc3 Nf6 5. Be2 O-O 6. O-O Nbd7 7. h3 c5 8. dxc5 Nxc5 9. Bd3 Nxd3 10. Qxd3 a6 11.
Be3 b5 12. a3 Bb7 13. Bd2 Bc6 14. Bg5 a5 15. Bxf6 Bxf6 16. b4 axb4 17. axb4 Rxa1 18. Rxa1 Qc7 19. Rf1 Bb7 20. Nxb5 Qb6 21. c4 Ba6 22.
Re1 Rb8 23. Nc3 Bxc3 24. Qxc3 Qxb4 25. Qxb4 Rxb4 26. Rc1 Bxc4 27. e5 dxe5 28. Nxe5 Be6 29. Nd3 Rd4 30. Ne1 Bf5 31. Nf3 Rd7 32. Ne5 Rd6 33.
g4 Be6 34. f3 Kg7 35. Kg2 Ra6 36. Kg3 Ra3 37. Rc7 Kf6 38. Nd7+ Bxd7 39. Rxd7 e6 40. Rd6 Ra1 41. h4 h5 42. g5+ Kg7 43.
Kf4 Ra4+ 44. Kg3 Ra3 45. Kf4 Ra4+ 46. Kg3 Ra5 47. Kf4 Rf5+ 48. Kg3 e5 49. Rd5 e4 50. Rxf5 gxf5 51. fxe4 fxe4 52. Kf4 f6 53. gxf6+ Kxf6 54.
Kxe4 Kg6 55. Kf4 Kf6 56. Kg3 Kf5 57. Kf3 Ke5 58. Kg3 Kf5 59. Kh3 1-0

[Event "Live Chess"]
[Site "Chess.com"]
[Date "2023.05.21"]
[Round "-"]
[White "Mikhail_Golubev"]
[Black "Biranidun"]
[Result "0-1"]
[WhiteElo "2472"]
[BlackElo "2571"]
[TimeControl "300"]
[EndTime "0:01:22 PDT"]
[Termination "Biranidun won on time"]

1. e4 c5 2. Nf3 d6 3. d4 cxd4 4. Nxd4 Nf6 5. Nc3 g6 6. Be3 Bg7 7.
f3 O-O 8. Qd2 Nc6 9. Bc4 Bd7 10.
h4 Rc8 11. Bb3 h5 12. O-O-O Ne5 13. Kb1 Nc4 14. Bxc4 Rxc4 15. g4 hxg4 16. h5 Nxh5 17. Rdg1 Nf6 18. b3 Rxc3 19. Qxc3 gxf3 20. Bh6 Nxe4 21.
Qe3 f2 22. Rg2 d5 23. Bxg7 Kxg7 24. Qh6+ Kf6 25. Qf4+ Kg7 26. Rgh2 Rh8 27. Kb2 Rxh2 28. Qxh2 e5 29. Qh6+ Kf6 30. Qh4+ g5 31. Qh6+ Ke7 32. Nf3 Qb6 33. Qh2 Qd4+ 0-1

[Event "Live Chess"]
[Site "Chess.com"]
[Date "2023.05.21"]
[Round "-"]
[White "AttackingSnowLeopard"]
[Black "Stanbad1"]
[Result "1-0"]
[WhiteElo "2191"]
[BlackElo "2389"]
[TimeControl "300"]
[EndTime "0:01:35 PDT"]
[Termination "AttackingSnowLeopard won by resignation"]

1. d4 Nf6 2. c4 g6 3. Nc3 Bg7 4. e4 d6 5. Be2 O-O 6. Be3 c5 7. d5 b5 8. cxb5 a6 9. a4 axb5 10. axb5 Rxa1 11. Qxa1 Nbd7 12. Nf3 Nb6 13. O-O Bd7 14. Qa7 Qb8 15. Ra1 e6 16. Qxb8 Rxb8 17. dxe6 fxe6 18. e5 Nfd5 19. Bd2 dxe5 20. Ne4 c4 21.
Nc5 Bxb5 22. Nxe6 e4 23. Nfd4 Bd7 24. Nxg7 Kxg7 25. Ra7 Kf8 26. h4 h5 27. Bg5 Ke8 28. f3 exf3 29. Bxf3 c3 30. bxc3 Nxc3 31. Nc6 Rc8 32.
Ne5 Bf5 33. Bc6+ Rxc6 34. Nxc6 Nbd5 35. Ra8+ Kd7 36. Ne5+ Ke6 37. Nf3 Ne2+ 38. Kf2 Nef4 39. Nd4+ Ke5 40. Nxf5 Kxf5 41. Bxf4 Nxf4 42. g3 Nd3+ 43. Ke3 Ne5 44. Ra5 Kf6 45. Ke4 Nc4 46.
Ra6+ Kg7 47. Kd5 Ne3+ 48. Ke6 Nf5 49. Ra7+ Kh6 50. Ra3 Nd4+ 51. Kf6 Nf5 52. Ra8 Kh7 53. Ra7+ Kh6 54. Ra3 Kh7 55. Kf7 Nh6+ 56. Kf8 Nf5 57. Ra7+ Kh6 58. Kg8 g5 59. Ra6+ 1-0

[Event "Live Chess"]
[Site "Chess.com"]
[Date "2023.05.21"]
[Round "-"]
[White "elephantgerrald"]
[Black "pseudocyst"]
[Result "0-1"]
[WhiteElo "613"]
[BlackElo "1930"]
[TimeControl "300"]
[EndTime "0:01:41 PDT"]
[Termination "pseudocyst won by checkmate"]

1. d4 d5 2. Nc3 Nc6 3. Nxd5 Bf5 4.
Nc3 Qxd4 5. Qxd4 Nxd4 6. Kd2 O-O-O 7. Ke3 Nxc2+ 8. Kf4 g6 9. Nf3 Nxa1 10. Ne5 Nh6 11.
Kf3 Bg7 12. Bxh6 Bxe5 13. e4 Be6 14. Nb5 a6 15. Nc3 Nc2 16. Ke2 Nd4+ 17. Ke1 f6 18. f4 Bd6 19. Bg7 Rhg8 20. Bxf6 exf6 21. e5 fxe5 22.
fxe5 Bxe5 23. Kf2 Rdf8+ 24. Ke3 Nf5+ 25. Ke4 Bd6 26. Bxa6 bxa6 27. Nd5 Bxd5+ 28. Kxd5 Kd7 29. b4 c6+ 30. Kc4 Re8 31. a4 Re4+ 32. Kc3 Rb8 33.
b5 axb5 34. axb5 Rxb5 35. Ra1 Ke6 36. Rd1 Ne3 37. Rxd6+ Kxd6 38. Kd3 Ke5 39. g4 Rd5+ 40. Ke2 Nxg4+ 41. Kf3 Kf5 42. h3 Rd3+ 43. Kg2 Re2+ 44. Kf1 Ra2 45. hxg4+ Kf4 46. Ke1 Rh3 47. Kf1 Rh1# 0-1

[Event "Live Chess"]
[Site "Chess.com"]
[Date "2023.05.21"]
[Round "-"]
[White "Jo1ts"]
[Black "Singapourfeuj"]
[Result "0-1"]
[WhiteElo "838"]
[BlackElo "2221"]
[TimeControl "300"]
[EndTime "0:01:47 PDT"]
[Termination "Singapourfeuj won by resignation"]

1. d4 Nf6 2. c4 g6 3. Nc3 Bg7 4.
e4 d6 5. Nf3 O-O 6. d5 e5 7.
Be3 c6 8. Bd3 cxd5 9. cxd5 Na6 10.
Bxa6 bxa6 11. O-O Nh5 12. Nd2 f5 13. f3 Nf4 14. Bxf4 exf4 15. Ne2 g5 16. Qc2 Rb8 17.
b3 Bd7 18. Rfc1 Bb5 19. Nd4 Bxd4+ 0-1

[Event "Live Chess"]
[Site "Chess.com"]
[Date "2023.05.21"]
[Round "-"]
[White "Doge_Dandolo"]
[Black "Rusty_Bridges"]
[Result "1-0"]
[WhiteElo "1892"]
[BlackElo "1526"]
[TimeControl "300"]
[EndTime "0:02:01 PDT"]
[Termination "Doge_Dandolo won on time"]

1. Nf3 d5 2. c4 d4 3. b4 Nf6 4. g3 Bf5 5. d3 Nbd7 6. Bg2 c6 7. O-O e5 8. Bg5 Be7 9. Nfd2 h6 10. Bxf6 gxf6 11. Qb3 h5 12. Nf3 Bg4 13. Nbd2 Nf8 14. b5 c5 15. Ne4 Ng6 16. h3 Bxf3 17. Bxf3 h4 18. g4 Nf4 19. Kh2 Qd7 20. Rg1 O-O-O 21. a4 Kb8 22. a5 Rdg8 23. e3 dxe3 24. fxe3 Ne6 25. Bg2 Ng5 26. Rgf1 Rg6 27. Ra2 Rd8 28. Rd2 Rh6 29. Nc3 Bd6 30. Nd5 e4+ 31. Kg1 Nf3+ 32. Bxf3 exf3 33. Rxf3 Bg3 34. Qc3 f5 35. Rxf5 Re6 36.
e4 Qc7 37. Rd1 Qd6 38. Qd2 Rg6 39. Qg2 Re8 40. Rdf1 1-0

[Event "Live Chess"]
[Site "Chess.com"]
[Date "2023.05.21"]
[Round "-"]
[White "Pandreq"]
[Black "CeladonFish"]
[Result "1-0"]
[WhiteElo "1255"]
[BlackElo "1073"]
[TimeControl "300"]
[EndTime "0:02:12 PDT"]
[Termination "Pandreq won by checkmate"]

1. d4 Nf6 2. c4 g6 3. Nc3 Bg7 4. Bf4 d5 5. cxd5 Nxd5 6. Nxd5 Qxd5 7. e3 Qa5+ 8. Qd2 Qxd2+ 9. Kxd2 Nc6 10. Bb5 Bd7 11. Bxc7 a6 12. Ba4 O-O 13. Nf3 Bf5 14. Bc2 Nb4 15. Bxf5 gxf5 16. Ba5 Nc6 17. Bc3 e6 18.
Rac1 Rac8 19. Kc2 Nb4+ 20. Kb1 a5 21. Bxb4 axb4 22. Rxc8 Rxc8 23. Rc1 Rxc1+ 24. Kxc1 Kf8 25. Kc2 Ke7 26. Kb3 Kd6 27. Kxb4 e5 28. a4 exd4 29.
Nxd4 Bxd4 30. exd4 Kd5 31. Kc3 b6 32. b4 f6 33. f3 h5 34. g3 Kc6 35. Kc4 Kd6 36. a5 bxa5 37. bxa5 Kc7 38. Kc5 Kb7 39. Kd6 Ka6 40. Ke6 Kxa5 41. Kxf6 Kb5 42. Kxf5 Kc6 43. Ke6 Kc7 44. d5 Kd8 45. Kd6 Ke8 46. Kc7 Ke7 47.
d6+ Ke8 48. d7+ Kf7 49. d8=Q h4 50. Qxh4 Ke6 51. Qe4+ Kf6 52. Kd6 Kg7 53. Qf5 Kh6 54.
Qg4 Kh7 55. Ke7 Kh6 56. Kf7 Kh7 57. Qh5# 1-0